General information
- name: BNet
- type: Ladder team game (AT/RT)
- host: Battle.net
- saver: Bigboys
map: Deathknell
- players: 8
- length: 36:13
- speed: Fast
- version: 1.27 W3XP
- replay type: Public
» download(293 KB)
Players
team 1 (winner)

»
CuloSucio (
pink | 97 APM | 3499 actions | 36:12)
5 Death Knight
3 Death Coil
2 Unholy Aura
2 Dark Ranger
1 Life Drain
1 Silence
» actions
| Assign group hotkey | 26 | |
| Basic commands | 159 | |
| Build / train | 100 | |
| ESC pressed | 10 | |
| Enter build submenu | 39 | |
| Enter hero's abilities submenu | 7 | |
| Remove unit from queue | 1 | |
| Right click | 1335 | |
| Select / deselect | 756 | |
| Select group hotkey | 924 | |
| Use ability | 141 | |
3499 total
» units
| Acolyte | 29 | |
| Ghoul | 11 | |
| Crypt Fiend | 9 | |
| Obsidian Statue | 6 | |
| Goblin Shredder | 2 | |
57 total
» upgrades
| Creature Attack | 3 | |
| Creature Carapace | 3 | |
| Web | 2 | |
| Burrow | 3 | |
| Destroyer Form | 1 | |
| Ghoul Frenzy | 0 | |
| Unholy Armor | 2 | |
| Unholy Strength | 1 | |
15 total
» buildings
| Altar of Darkness | 1 | |
| Ziggurat | 28 | |
| Crypt | 1 | |
| Graveyard | 1 | |
| Tomb of Relics | 1 | |
| Halls of the Dead | 3 | |
| Nerubian Tower | 5 | |
| Spirit Tower | 4 | |
| Slaughterhouse | 2 | |
| Black Citadel | 1 | |
| Sacrificial Pit | 1 | |
| Necropolis | 2 | |
50 total
» build order
00:17 Altar of Darkness
00:18 Ziggurat
00:25 Crypt
01:12 Graveyard
01:17 Ziggurat
02:34 Tomb of Relics
05:58 Ziggurat
06:10 Halls of the Dead
06:56 Ziggurat
07:08 Halls of the Dead
07:08 Halls of the Dead
07:14 Ziggurat
07:15 Ziggurat
08:14 Ziggurat
08:16 Ziggurat
08:18 Ziggurat
08:18 Ziggurat
09:11 Nerubian Tower
09:12 Spirit Tower
09:20 Nerubian Tower
09:22 Spirit Tower
10:04 Slaughterhouse
10:10 Slaughterhouse
10:26 Spirit Tower
11:48 Black Citadel
11:58 Ziggurat
12:42 Ziggurat
12:45 Ziggurat
18:39 Sacrificial Pit
24:09 Necropolis
24:23 Necropolis
25:49 Nerubian Tower
27:16 Ziggurat
27:17 Ziggurat
27:18 Ziggurat
27:19 Ziggurat
27:20 Ziggurat
27:21 Ziggurat
27:22 Ziggurat
27:23 Ziggurat
27:24 Ziggurat
27:25 Ziggurat
27:29 Ziggurat
27:30 Ziggurat
27:32 Ziggurat
27:33 Ziggurat
27:34 Ziggurat
28:46 Nerubian Tower
28:47 Nerubian Tower
28:49 Spirit Tower
» items
| Rod of Necromancy | 2 | |
| Scroll of Town Portal | 1 | |
3 total
Bigboys (
orange | 154 APM | 5562 actions | 36:13)
5 Death Knight
2 Death Coil
3 Unholy Aura
3 Crypt Lord
2 Impale
1 Carrion Beetles
» actions
| Assign group hotkey | 60 | |
| Basic commands | 311 | |
| Build / train | 188 | |
| ESC pressed | 2 | |
| Enter build submenu | 27 | |
| Enter hero's abilities submenu | 9 | |
| Give item / drop item | 4 | |
| Right click | 2498 | |
| Select / deselect | 573 | |
| Select group hotkey | 1717 | |
| Use ability | 173 | |
5562 total
» units
| Acolyte | 8 | |
| Ghoul | 1 | |
| Crypt Fiend | 10 | |
| Goblin Shredder | 6 | |
| Obsidian Statue | 4 | |
| Abomination | 3 | |
| Goblin Zeppelin | 30 | |
| Goblin Sapper | 14 | |
| Meatwagon | 1 | |
77 total
» upgrades
| Creature Attack | 3 | |
| Creature Carapace | 3 | |
| Burrow | 1 | |
| Web | 1 | |
| Disease Cloud | 1 | |
| Destroyer Form | 1 | |
| Unholy Armor | 4 | |
| Unholy Strength | 3 | |
| Ghoul Frenzy | 1 | |
| Cannibalize | 1 | |
| Exhume Corpses | 1 | |
20 total
» buildings
| Graveyard | 1 | |
| Crypt | 1 | |
| Altar of Darkness | 1 | |
| Ziggurat | 11 | |
| Tomb of Relics | 2 | |
| Necropolis | 3 | |
| Halls of the Dead | 2 | |
| Nerubian Tower | 9 | |
| Spirit Tower | 12 | |
| Black Citadel | 4 | |
| Slaughterhouse | 2 | |
48 total
» build order
00:07 Graveyard
00:11 Crypt
00:43 Altar of Darkness
00:57 Ziggurat
01:13 Tomb of Relics
01:24 Tomb of Relics
02:09 Ziggurat
02:42 Ziggurat
05:11 Necropolis
05:23 Ziggurat
05:25 Ziggurat
06:02 Halls of the Dead
06:54 Nerubian Tower
06:54 Nerubian Tower
06:55 Nerubian Tower
06:55 Nerubian Tower
07:11 Spirit Tower
08:05 Nerubian Tower
08:06 Nerubian Tower
08:59 Spirit Tower
09:10 Ziggurat
10:04 Black Citadel
10:05 Black Citadel
10:05 Black Citadel
10:23 Slaughterhouse
18:06 Slaughterhouse
24:09 Ziggurat
24:09 Ziggurat
24:11 Ziggurat
25:09 Nerubian Tower
25:09 Spirit Tower
25:10 Spirit Tower
25:10 Spirit Tower
25:11 Spirit Tower
25:11 Spirit Tower
25:19 Ziggurat
25:26 Ziggurat
26:03 Necropolis
26:27 Spirit Tower
26:27 Spirit Tower
26:27 Spirit Tower
34:57 Necropolis
» items
| Rod of Necromancy | 5 | |
| Sacrificial Skull | 10 | |
| Scroll of Town Portal | 3 | |
| Potion of Healing | 1 | |
| Scroll of Healing | 2 | |
| Orb of Corruption | 2 | |
23 total
BarbarianBlade (
green | 51 APM | 1855 actions | 36:12)
7 Blademaster
3 Wind Walk
3 Critical Strike
1 Bladestorm
» actions
| Assign group hotkey | 50 | |
| Basic commands | 133 | |
| Build / train | 74 | |
| Enter build submenu | 48 | |
| Enter hero's abilities submenu | 7 | |
| Give item / drop item | 2 | |
| Remove unit from queue | 3 | |
| Right click | 739 | |
| Select / deselect | 405 | |
| Select group hotkey | 267 | |
| Use ability | 127 | |
1855 total
» units
| Peon | 8 | |
| Grunt | 5 | |
| Goblin Shredder | 2 | |
| Troll Batrider | 7 | |
| Goblin Sapper | 5 | |
| Goblin Zeppelin | 4 | |
| Wind Rider | 7 | |
38 total
» upgrades
| Reinforced Defenses | 1 | |
| Troll Regeneration | 1 | |
| Ranged Weapons | 3 | |
| Liquid Fire | 1 | |
| Armor | 3 | |
| Envenomed Spears | 1 | |
10 total
» buildings
| Orc Burrow | 4 | |
| Altar of Storms | 1 | |
| Barracks | 1 | |
| Voodoo Lounge | 1 | |
| Stronghold | 1 | |
| War Mill | 2 | |
| Great Hall | 2 | |
| Watch Tower | 32 | |
| Beastiary | 8 | |
| Fortress | 1 | |
53 total
» build order
00:15 Orc Burrow
00:57 Altar of Storms
00:58 Barracks
01:07 Orc Burrow
01:39 Voodoo Lounge
02:51 Stronghold
03:48 Orc Burrow
04:13 War Mill
05:16 Great Hall
05:33 Watch Tower
05:34 Watch Tower
05:37 Watch Tower
05:38 Watch Tower
05:52 Beastiary
05:55 Beastiary
07:19 Beastiary
07:20 Beastiary
07:25 Watch Tower
07:25 Watch Tower
07:26 Watch Tower
08:08 Watch Tower
08:19 Orc Burrow
08:57 Fortress
09:57 Watch Tower
09:58 Watch Tower
10:09 Watch Tower
10:12 Watch Tower
10:15 Watch Tower
10:23 Watch Tower
12:37 War Mill
21:08 Great Hall
21:10 Watch Tower
21:10 Watch Tower
21:10 Watch Tower
21:11 Watch Tower
21:55 Watch Tower
21:56 Watch Tower
22:36 Beastiary
22:36 Beastiary
22:37 Beastiary
22:38 Beastiary
24:19 Watch Tower
24:20 Watch Tower
24:22 Watch Tower
26:53 Watch Tower
26:53 Watch Tower
26:55 Watch Tower
26:55 Watch Tower
26:56 Watch Tower
26:56 Watch Tower
26:57 Watch Tower
26:57 Watch Tower
» items
| Healing Salve | 4 | |
| Scroll of Town Portal | 3 | |
| Lesser Clarity Potion | 2 | |
| Potion of Mana | 1 | |
| Orb of Lightning | 1 | |
| Potion of Healing | 3 | |
14 total

»
crack_squad (
teal | 77 APM | 2147 actions | 27:50)
3 Death Knight
2 Death Coil
1 Unholy Aura
3 Dreadlord
2 Vampiric Aura
1 Sleep
3 Crypt Lord
1 Carrion Beetles
2 Spiked Carapace
» actions
| Assign group hotkey | 31 | |
| Basic commands | 177 | |
| Build / train | 69 | |
| Enter build submenu | 14 | |
| Enter hero's abilities submenu | 9 | |
| Give item / drop item | 1 | |
| Remove unit from queue | 1 | |
| Right click | 869 | |
| Select / deselect | 544 | |
| Select group hotkey | 387 | |
| Use ability | 44 | |
2147 total
» units
| Acolyte | 8 | |
| Ghoul | 28 | |
| Frost Wyrm | 3 | |
39 total
» upgrades
| Ghoul Frenzy | 1 | |
| Unholy Strength | 2 | |
| Freezing Breath | 1 | |
4 total
» buildings
| Altar of Darkness | 1 | |
| Crypt | 2 | |
| Ziggurat | 5 | |
| Tomb of Relics | 1 | |
| Nerubian Tower | 2 | |
| Graveyard | 1 | |
| Halls of the Dead | 1 | |
| Black Citadel | 1 | |
| Spirit Tower | 2 | |
| Sacrificial Pit | 2 | |
| Boneyard | 1 | |
19 total
» build order
00:15 Altar of Darkness
00:21 Crypt
00:28 Ziggurat
00:54 Tomb of Relics
01:51 Nerubian Tower
02:22 Graveyard
02:49 Halls of the Dead
03:07 Ziggurat
03:35 Ziggurat
05:13 Black Citadel
06:07 Ziggurat
07:00 Spirit Tower
08:44 Ziggurat
09:35 Nerubian Tower
10:24 Spirit Tower
12:22 Crypt
14:20 Sacrificial Pit
15:25 Sacrificial Pit
16:34 Boneyard
» items
| Dust of Appearance | 1 | |
| Scroll of Town Portal | 5 | |
| Rod of Necromancy | 1 | |
7 total
team 2 (loser)

»
grudem (
purple | 88 APM | 1550 actions | 17:38)
4 Tauren Chieftain
2 War Stomp
2 Endurance Aura
3 Shadow Hunter
2 Healing Wave
1 Hex
» actions
| Assign group hotkey | 22 | |
| Basic commands | 102 | |
| Build / train | 66 | |
| Enter build submenu | 19 | |
| Enter hero's abilities submenu | 7 | |
| Give item / drop item | 5 | |
| Remove unit from queue | 1 | |
| Right click | 455 | |
| Select / deselect | 322 | |
| Select group hotkey | 453 | |
| Use ability | 98 | |
1550 total
» units
| Peon | 8 | |
| Troll Headhunter/Berserker | 15 | |
| Spirit Walker | 5 | |
| Shaman | 7 | |
35 total
» upgrades
| Ranged Weapons | 2 | |
| Troll Regeneration | 1 | |
| Spirit Walker Training | 2 | |
| Shaman Training | 2 | |
| Armor | 1 | |
| Berserker Upgrade | 1 | |
9 total
» buildings
| War Mill | 1 | |
| Orc Burrow | 5 | |
| Altar of Storms | 1 | |
| Barracks | 1 | |
| Stronghold | 3 | |
| Voodoo Lounge | 1 | |
| Fortress | 1 | |
| Spirit Lodge | 2 | |
| Watch Tower | 6 | |
21 total
» build order
00:21 War Mill
00:31 Orc Burrow
01:11 Altar of Storms
01:21 Barracks
01:32 Orc Burrow
02:59 Stronghold
03:00 Stronghold
03:00 Stronghold
03:42 Voodoo Lounge
04:07 Orc Burrow
05:50 Fortress
06:07 Spirit Lodge
06:10 Spirit Lodge
07:19 Orc Burrow
10:23 Orc Burrow
13:52 Watch Tower
13:59 Watch Tower
14:00 Watch Tower
15:22 Watch Tower
15:25 Watch Tower
15:27 Watch Tower
» items
| Lesser Clarity Potion | 3 | |
| Scroll of Town Portal | 1 | |
| Healing Salve | 1 | |
| Tiny Great Hall | 1 | |
6 total

»
hanksmash56 (
yellow | 73 APM | 1259 actions | 17:19)
3 Blademaster
2 Wind Walk
1 Critical Strike
2 Shadow Hunter
1 Hex
1 Healing Wave
1 Tauren Chieftain
1 Shockwave
» actions
| Assign group hotkey | 27 | |
| Basic commands | 35 | |
| Build / train | 49 | |
| ESC pressed | 5 | |
| Enter build submenu | 23 | |
| Enter hero's abilities submenu | 6 | |
| Give item / drop item | 1 | |
| Remove unit from queue | 2 | |
| Right click | 702 | |
| Select / deselect | 283 | |
| Select group hotkey | 84 | |
| Use ability | 42 | |
1259 total
» units
| Peon | 8 | |
| Grunt | 7 | |
| Raider | 4 | |
| Tauren | 6 | |
25 total
» upgrades
| Melee Weapons | 2 | |
| Ensnare | 1 | |
| Armor | 3 | |
| Pillage | 1 | |
7 total
» buildings
| Altar of Storms | 1 | |
| Orc Burrow | 6 | |
| Barracks | 2 | |
| Voodoo Lounge | 1 | |
| Stronghold | 1 | |
| War Mill | 1 | |
| Beastiary | 1 | |
| Fortress | 1 | |
| Watch Tower | 1 | |
| Tauren Totem | 1 | |
16 total
» build order
00:04 Altar of Storms
00:08 Orc Burrow
00:35 Barracks
00:40 Barracks
01:23 Voodoo Lounge
02:00 Orc Burrow
03:40 Stronghold
04:34 Orc Burrow
05:32 War Mill
05:38 Orc Burrow
06:44 Beastiary
06:48 Fortress
07:57 Watch Tower
09:53 Tauren Totem
10:48 Orc Burrow
12:52 Orc Burrow
» items
| Healing Salve | 2 | |
| Lesser Clarity Potion | 1 | |
| Orb of Lightning | 1 | |
4 total
BRIENNE-TARTH (
blue | 60 APM | 2163 actions | 36:12)
6 Blademaster
3 Wind Walk
2 Critical Strike
1 Bladestorm
3 Shadow Hunter
2 Hex
1 Healing Wave
» actions
| Assign group hotkey | 61 | |
| Basic commands | 9 | |
| Build / train | 61 | |
| Enter build submenu | 36 | |
| Enter hero's abilities submenu | 9 | |
| Give item / drop item | 4 | |
| Remove unit from queue | 1 | |
| Right click | 897 | |
| Select / deselect | 249 | |
| Select group hotkey | 618 | |
| Use ability | 218 | |
2163 total
» units
| Peon | 11 | |
| Grunt | 4 | |
| Goblin Shredder | 1 | |
| Wind Rider | 8 | |
| Goblin Zeppelin | 1 | |
25 total
» upgrades
| Reinforced Defenses | 1 | |
| Ranged Weapons | 3 | |
| Armor | 3 | |
| Envenomed Spears | 1 | |
8 total
» buildings
| Altar of Storms | 1 | |
| Barracks | 1 | |
| Orc Burrow | 7 | |
| Voodoo Lounge | 2 | |
| Stronghold | 1 | |
| Great Hall | 2 | |
| War Mill | 1 | |
| Beastiary | 4 | |
| Fortress | 3 | |
| Watch Tower | 35 | |
57 total
» build order
00:07 Altar of Storms
00:21 Barracks
00:28 Orc Burrow
01:37 Orc Burrow
01:51 Voodoo Lounge
03:11 Stronghold
03:27 Orc Burrow
04:50 Great Hall
05:11 War Mill
05:27 Orc Burrow
06:16 Beastiary
06:17 Beastiary
06:44 Fortress
06:44 Fortress
06:44 Fortress
07:14 Watch Tower
07:33 Watch Tower
07:56 Watch Tower
07:57 Watch Tower
07:59 Watch Tower
08:28 Watch Tower
08:55 Watch Tower
09:03 Beastiary
09:29 Orc Burrow
10:00 Watch Tower
10:01 Watch Tower
10:30 Watch Tower
10:31 Watch Tower
10:32 Watch Tower
12:14 Watch Tower
12:15 Watch Tower
12:18 Orc Burrow
13:23 Orc Burrow
14:33 Watch Tower
14:33 Watch Tower
15:54 Beastiary
17:14 Watch Tower
17:15 Watch Tower
17:31 Watch Tower
17:31 Watch Tower
17:46 Watch Tower
17:46 Watch Tower
17:46 Watch Tower
17:47 Watch Tower
20:59 Watch Tower
21:00 Watch Tower
26:38 Watch Tower
26:38 Watch Tower
26:52 Watch Tower
26:53 Watch Tower
26:53 Watch Tower
26:53 Watch Tower
27:22 Great Hall
29:28 Voodoo Lounge
29:31 Watch Tower
29:32 Watch Tower
29:33 Watch Tower
» items
| Healing Salve | 5 | |
| Orb of Lightning | 1 | |
| Lesser Clarity Potion | 1 | |
| Potion of Mana | 1 | |
| Scroll of Town Portal | 2 | |
| Potion of Healing | 2 | |
12 total
EatTheApple (
red | 148 APM | 3268 actions | 22:06)
4 Dark Ranger
2 Black Arrow
2 Silence
2 Death Knight
1 Death Coil
1 Unholy Aura
» actions
| Assign group hotkey | 12 | |
| Build / train | 55 | |
| Enter build submenu | 25 | |
| Enter hero's abilities submenu | 6 | |
| Give item / drop item | 1 | |
| Right click | 1297 | |
| Select / deselect | 307 | |
| Select group hotkey | 1511 | |
| Use ability | 54 | |
3268 total
» units
| Acolyte | 7 | |
| Ghoul | 3 | |
| Crypt Fiend | 9 | |
19 total
» upgrades
| Creature Attack | 2 | |
| Creature Carapace | 1 | |
| Burrow | 1 | |
| Web | 2 | |
6 total
» buildings
| Ziggurat | 10 | |
| Crypt | 1 | |
| Graveyard | 1 | |
| Altar of Darkness | 1 | |
| Nerubian Tower | 3 | |
| Halls of the Dead | 4 | |
| Tomb of Relics | 1 | |
| Sacrificial Pit | 1 | |
| Black Citadel | 2 | |
| Spirit Tower | 2 | |
26 total
» build order
00:17 Ziggurat
00:22 Crypt
00:27 Graveyard
01:55 Altar of Darkness
02:52 Ziggurat
03:31 Nerubian Tower
04:52 Ziggurat
05:39 Halls of the Dead
05:39 Halls of the Dead
05:39 Halls of the Dead
06:40 Tomb of Relics
08:23 Ziggurat
09:55 Sacrificial Pit
12:34 Black Citadel
12:34 Black Citadel
12:48 Ziggurat
13:02 Ziggurat
13:02 Ziggurat
13:04 Ziggurat
13:05 Ziggurat
14:33 Nerubian Tower
14:34 Spirit Tower
16:08 Nerubian Tower
17:07 Ziggurat
18:24 Spirit Tower
» items
| Scroll of Town Portal | 2 | |
| Orb of Lightning | 1 | |
| Dust of Appearance | 1 | |
4 total
Chat log
(00:08 / All) CuloSucio: k
(00:35 / All) EatTheApple: gl hf
(00:40 / All) BarbarianBlade: bad luck
(00:42 / All) BarbarianBlade: do not have any fun
(00:50 / All) EatTheApple: what a barbarian
(00:51 / All) grudem: thats not very kind
(00:52 / All) CuloSucio: you piece of shit
(00:53 / All) Bigboys: I hope you all have a miserable time except me
(05:10 / Allies) BarbarianBlade: feck
(06:13 / All) BarbarianBlade: retard
(07:58 / All) BarbarianBlade: shithead
(08:12 / All) EatTheApple: youre an animal bro
(08:44 / All) CuloSucio: cum back ayy lmao
(09:47 / All) BarbarianBlade: dayum
(11:14 / All) CuloSucio: shit
(11:14 / Allies) CuloSucio: sry
(11:17 / All) BarbarianBlade: biatch
(13:36 / Allies) CuloSucio: cuming
(15:14 / All) BarbarianBlade: lol red
(15:17 / All) BarbarianBlade: get raped son
(15:34 / All) hanksmash56: how small is your penis that this is how you spend your weekend?
(15:43 / All) Bigboys: its how you spend yours too LOL
(15:44 / All) BarbarianBlade: LOL?
(15:46 / All) Bigboys: retard
(15:55 / All) BarbarianBlade: interesting insult
(16:11 / All) BarbarianBlade: GOD YOU GOT BATTED TO HELL LOL
(16:13 / All) BarbarianBlade: TOP IS SHIT
(16:16 / All) BarbarianBlade: LEFT TOP IS SHIT
(16:21 / All) BarbarianBlade: RIGHT TOP IS GOSU
(16:56 / All) BarbarianBlade: POOR JETHRO THE BAT RIODER
(17:20 / All) BarbarianBlade: RIOGHT TOP IS NUMBER ONE
(17:43 / All) Bigboys: raped lol
(17:47 / All) BarbarianBlade: I CURSED YOU RED
(17:50 / All) BarbarianBlade: BAD LUCK AND DO NOT HAVE FUN
(18:04 / All) BRIENNE-TARTH: shitty teammates, i always lose to terrible players like pink and teal
(19:26 / All) BRIENNE-TARTH: die pink u slut
(21:16 / All) CuloSucio: FeelsBadMan?
(21:18 / All) BarbarianBlade: red lost bats vs feinds
(21:18 / All) BarbarianBlade: damn
(21:20 / All) BarbarianBlade: u suck
(21:24 / All) BRIENNE-TARTH: ur a son of abitch pink
(21:51 / All) BarbarianBlade: MESS WITH THE BEST DIE LIKE THE REST SON
(21:55 / All) EatTheApple: you win this time Ragnar, but you're still an asshat
(22:03 / All) EatTheApple: gg to the rest of you
(23:05 / All) BarbarianBlade: "this time"
(23:13 / All) BarbarianBlade: he would need for my whole team to be afk to beat me
(25:01 / All) BRIENNE-TARTH: pink mad
(27:59 / All) Bigboys: I approached teal's army
(28:01 / All) Bigboys: and he knew what was coming
(28:03 / All) Bigboys: and just left
(28:05 / All) Bigboys: LOL
(28:14 / All) BRIENNE-TARTH: one of the smarter ones
(28:57 / Allies) CuloSucio: k seriously
(29:06 / Allies) Bigboys: out
(30:00 / Allies) Bigboys: sapper
(30:00 / Allies) Bigboys: detoante
(30:05 / Allies) Bigboys: detonate sapper
(30:08 / Allies) Bigboys: green
(30:16 / Allies) BarbarianBlade: \
(30:17 / All) BarbarianBlade: oh
(30:19 / Allies) Bigboys: got stuck going for mine I think lawl
(30:20 / All) BarbarianBlade: that cost me some gold lol
(30:25 / All) BarbarianBlade: he blocked it
(31:13 / All) BarbarianBlade: pink is between a rock and a hard place, innit
(31:23 / All) Bigboys: bad idea attacking there LOL
(31:33 / All) BRIENNE-TARTH: owned pink
(31:53 / All) Bigboys: You lose pink
(32:01 / All) CuloSucio: kk
(32:06 / All) Bigboys: leave now you get a tie
(32:08 / All) Bigboys: stay you get a loss
(32:13 / Allies) Bigboys: start self destructing bob
(34:41 / All) BRIENNE-TARTH: oops sorry sorry
(34:52 / All) BRIENNE-TARTH: me kill myself sorry sorry
(34:53 / All) BarbarianBlade: hex is cheating
(34:58 / All) BRIENNE-TARTH: i know lawl
(35:02 / All) BRIENNE-TARTH: that was a lvl 1 hex too
(35:06 / All) BRIENNE-TARTH: lvl 3 hex is imba
(35:18 / All) BarbarianBlade: they always whine about bm
(35:24 / All) BarbarianBlade: but bm with shadow hunter is ultra bullshit